 Dungeon Crawl Stone Soup version 0.32-a0-875-g23b751d0ae (webtiles) character file.

Game seed: 15881196228939888821

4 Egalit the Grave Robber (level 1, -2/13 HPs)
             Began as a Human Necromancer on May 15, 2022.
             Slain by a quokka (4 damage)
             ... on level 1 of the Dungeon on Mar 31, 2024.
             The game lasted 00:03:58 (196 turns).

Egalit the Grave Robber (Human Necromancer)          Turns: 196, Time: 00:03:58

Health: -2/13      AC:  2    Str:  8    XL:     1   Next: 70%
Magic:  3/3        EV: 11    Int: 15    God:
Gold:   17         SH:  0    Dex: 13    Spells: 3/4 levels left

rFire   . . .        (no weapon)
rCold   . . .        (no shield)
rNeg    . . .        a - +0 robe
rPois   .            (no helmet)
rElec   .            (no cloak)
rCorr   .            (no gloves)
SInv    .            (no boots)
Will    .....        (no amulet)
Stlth   +            (no ring)
HPRegen 0.22/turn    (no ring)
MPRegen 0.08/turn

%: no passive effects
@: silenced
A: no striking features
a: no special abilities


You were on level 1 of the Dungeon.
You visited 1 branch of the dungeon, and saw 1 of its levels.

You collected 17 gold pieces.

Inventory:

Armour
 a - a +0 robe (worn)
Scrolls
 c - a scroll of fog {unknown}
Potions
 b - a potion of magic


   Skills:
 + Level 2.0 Dodging
 + Level 2.0 Stealth
 + Level 0.4 Unarmed Combat
 + Level 2.0 Spellcasting
 + Level 4.1 Necromancy


You had 3 spell levels left.
You knew the following spells:

 Your Spells              Type           Power      Damage    Failure   Level
a - Pain                  Necr           52%        1d6       4%          1

Your spell library contained the following spells:

 Spells                   Type           Power      Damage    Failure   Level
 Animate Skeleton         Necr           26%        N/A       4%          1
 Vampiric Draining        Necr           13%        2d6       12%         3
 Tukima's Dance           Hex            1%         N/A       54%         3
 Animate Dead             Necr           13%        N/A       38%         4
 Curse of Agony           Necr           13%        N/A       75%         5
 Passage of Golubria      Tloc           1%         N/A       91%         4
 Yara's Violent Unravell  Hex/Alch       0%         3d3       99%         5


Dungeon Overview and Level Annotations

Branches:
Dungeon (1/15)

Altars:


Message History

Unknown command.
Unknown command.
The goblin hits you with a +0 dagger.
A hobgoblin comes into view. It is wielding a +0 short sword.
You hit the goblin. Your punch misses the goblin.
The goblin is severely wounded.
The goblin closely misses you.
You miss the goblin.
The goblin is severely wounded.
The goblin hits you with a +0 dagger.
You hit the goblin.
You kill the goblin!
You hit the quokka but do no damage. The quokka closely misses you.
You hit the quokka.
The quokka is lightly wounded.
The quokka bites you.
You miss the quokka.
The quokka is lightly wounded.
The quokka barely misses you.
You hit the quokka but do no damage.
The quokka is lightly wounded.
The quokka bites you but does no damage.
The quokka bites you.
* * * LOW HITPOINT WARNING * * *
You miss the quokka.
The quokka is lightly wounded.
The quokka closely misses you.
You barely miss the quokka.
The quokka is lightly wounded.
The quokka bites you but does no damage.
You barely miss the quokka.
The quokka is lightly wounded.
The quokka bites you but does no damage.
You hit the quokka.
The quokka is severely wounded.
The quokka barely misses you.
You completely miss the quokka.
The quokka is severely wounded.
The quokka bites you.
You die...

#.##.(...((.(##.#
#..###(.(((###..#
##.. ###'####..##
#.##.....##.##
.#...<...#.#
.##.....##.#
#..#######..#
.......>...##
######@#### #r#
#g# #.# ..# #.#
..# #.#


You could see a quokka and a hobgoblin.

Vanquished Creatures
  A kobold (D:1)
  A ball python (D:1)
  2 frilled lizards (D:1)
  A goblin (D:1)
  A rat (D:1)
6 creatures vanquished.

Notes
Turn   | Place    | Note
-------+----------+-------------------------------------------
     0 | D:1      | Egalit the Human Necromancer began the quest for the Orb.
     0 | D:1      | Reached XP level 1. HP: 13/13 MP: 3/3
    25 | D:1      | Upgraded the game from 0.29-a0-414-g5075937ec3 to
                  | 0.32-a0-875-g23b751d0ae
   196 | D:1      | Slain by a quokka

Illustrated notes

Levels and vault maps discovered:
D:1:      minmay_arrival_shattered_statue, layout_basic, serial_forest,
          infiniplex_forest_clump_double, infiniplex_forest_lined_room_2,
          infiniplex_forest_zigzag_1, infiniplex_forest_clump_diagonal,
          hellmonk_ecumenical_altar_pennies_from_heaven, serial_bayou_ford_a,
          minmay_pentomino_o2

Action                     || total
---------------------------++-------
  Melee: Unarmed           ||    40
         Punch             ||     1
    Use: Scroll            ||     1
 Armour: Robe              ||    26
  Dodge: Dodged            ||    15

Table legend: (Time is in decaauts)
 A = Elapsed time spent in this place.
 B = Non-inter-level travel time spent in this place.
 C = Inter-level travel time spent in this place.
 D = Time resting spent in this place.
 E = Time spent auto-exploring this place.
 F = Levels seen in this place.
 G = Mean time per level.
                   A        B        C        D        E       F      G
               +--------+--------+--------+--------+--------+-----+--------+
         Total |    196 |     88 |    108 |      0 |      0 |   1 |  196.0 |
       Dungeon |    196 |     88 |    108 |      0 |      0 |   1 |  196.0 |
               +--------+--------+--------+--------+--------+-----+--------+

Top non-repeatable levels by time:
     D:1: 196 daAuts
